 Dungeon Crawl Stone Soup version 0.29-a0-340-g6efceafd81 (webtiles) character file.

Game seed: 711689392409790369

29 siradein the Digger (level 3, -5/28 HPs)
             Began as a Draconian Earth Elementalist on Apr 20, 2022.
             Killed by nerve-wracking pain
             ... invoked by Jessica
              (12 damage)
             ... on level 2 of the Dungeon.
             The game lasted 00:02:55 (1608 turns).

siradein the Digger (Draconian Earth Elementalist)  Turns: 1608, Time: 00:02:56

Health: -5/28      AC:  5    Str: 10    XL:     3   Next: 1%
Magic:  5/6        EV: 12    Int: 17    God:
Gold:   76         SH:  0    Dex: 11    Spells: 5/6 levels left

rFire   . . .      SeeInvis .   e - +0 dagger
rCold   . . .      Faith    .   (no shield)
rNeg    . . .      Spirit   .   (body armour unavailable)
rPois   .          Reflect  .   (helmet restricted)
rElec   .          Harm     .   (no cloak)
rCorr   .          Rampage  .   (no gloves)
Will    .....                   (no boots)
Stlth   ++........              (no amulet)
HPRegen 0.09/turn               (no ring)
MPRegen 0.10/turn               (no ring)

@: no status effects
A: AC +5, unfitting armour, cold-blooded
a: no special abilities


You were on level 2 of the Dungeon.
You visited 1 branch of the dungeon, and saw 2 of its levels.

You collected 76 gold pieces.

Inventory:

Hand Weapons
 e - a +0 dagger (weapon)
Missiles
 a - 81 stones
Jewellery
 h - a ring of fire
 m - a ring of fire
Scrolls
 d - 2 scrolls of amnesia {unknown}
 g - 4 scrolls of identify {unknown}
 j - a scroll of immolation {unknown}
 l - a scroll of noise {unknown}
Potions
 b - a potion of magic
 c - a potion of lignification {unknown}
 f - a potion of attraction {unknown}
 i - a potion of resistance {unknown}
 k - a potion of mutation {unknown}
 n - a potion of brilliance {unknown}


   Skills:
 + Level 1.2 Fighting
 + Level 2.1 Dodging
 - Level 1.7 Stealth
 + Level 2.3 Spellcasting
 - Level 1.0 Transmutations
 + Level 3.3 Earth Magic


You had 5 spell levels left.
You knew the following spells:

 Your Spells              Type           Power      Damage    Failure   Level
a - Sandblast             Erth           26%        2d8       4%          1

Your spell library contained the following spells:

 Spells                   Type           Power      Damage    Failure   Level
 Passwall                 Tmut/Erth      7%         N/A       12%         2
 Pain                     Necr           8%         1d4       19%         1
 Stone Arrow              Conj/Erth      14%        3d7       28%         3
 Petrify                  Tmut/Erth      9%         N/A       58%         4
 Agony                    Necr           2%         N/A       99%         5
 Excruciating Wounds      Necr           1%         N/A       99%         5


Dungeon Overview and Level Annotations

Branches:
Dungeon (2/15)

Altars:

Annotations:
D:2 Jessica


Innate Abilities, Weirdness & Mutations

Your plain brown scales are hard. (AC +5)
You cannot fit into any form of body armour.
You are cold-blooded and may be slowed by cold attacks.


Message History

A goblin is nearby!
The blast of sand hits the goblin!
You kill the goblin!
No target in view!
No target in view!
Magic restored.
Found a stone staircase leading down.
Found a club.
Found a shiny chain mail.
g - 4 scrolls labelled HIXZYODILE (gained 1)
m - a ring of fire
Found 4 large rocks.
You now have 76 gold pieces (gained 8).
n - a glowing purple potion Jessica the Apprentice Sorceress comes into view.
She is wielding a +0 dagger.
Jessica is nearby!
Jessica is nearby!
Jessica is nearby!
The blast of sand hits Jessica!
Jessica is almost dead.
Jessica shouts!
Jessica casts a spell at you. Pain shoots through your body!
Jessica gestures at you while chanting. Pain shoots through your body!
Ouch! That really hurt!
You are too injured to fight recklessly!
You are too injured to fight recklessly!
You are too injured to fight recklessly!
You are too injured to fight recklessly!
Jessica casts a spell at you. Pain shoots through your body!
* * * LOW HITPOINT WARNING * * *
Jessica is nearby!
Jessica is nearby!
Jessica is nearby!
Jessica is nearby!
Jessica gestures at you while chanting. Pain shoots through your body!
You die...

.........# #...#
.###.....# #.###
####.....# #.#
...#.....# #.#
#........# #.#
..#......###.######
.....##.#.........#
.##...(...#.......#
................@@#
####..............#
#.##...........#
#..##..######### .
##.###..###
...##........#
.............#
...###.......# ##
#.......#


You could see Jessica.

Vanquished Creatures
  3 bats (D:1)
  2 giant cockroaches (D:1)
  4 goblins
  3 hobgoblins (D:1)
  2 quokkas
  4 ball pythons (D:1)
  4 frilled lizards (D:1)
  4 kobolds (D:1)
  3 rats (D:1)
29 creatures vanquished.

Notes
Turn   | Place    | Note
-------+----------+-------------------------------------------
     0 | D:1      | siradein the Draconian Earth Elementalist began the quest
                  | for the Orb.
     0 | D:1      | Reached XP level 1. HP: 14/14 MP: 3/3
   244 | D:1      | Reached XP level 2. HP: 14/22 MP: 0/5
   512 | D:1      | Reached skill level 1 in Fighting
  1178 | D:1      | Found a faded altar of an unknown god.
  1410 | D:2      | Reached XP level 3. HP: 23/28 MP: 6/6
  1602 | D:2      | Noticed Jessica
  1608 | D:2      | Killed from afar by Jessica

Illustrated notes

Levels and vault maps discovered:
D:1:      shiori_arrival_elements, layout_basic, basic_ecumenical_altar,
          minmay_close_crescents
D:2:      layout_rooms, uniq_jessica

Skill      XL: |  1  2 |
---------------+-------+-----
Dodging        | 2 |  2.1
Fighting       | 1 |  1.2
Stealth        | |  1.7
Spellcasting   | |  2.3
Transmutations | |  1.0
Earth Magic    | |  3.3

Action                   || total
-------------------------++-------
Melee: Unarmed           ||    13
       Tailslap          ||     5
       Punch             ||     3
       Dagger            ||    85
 Cast: Sandblast         ||    23
Armor: Skin              ||    45
Dodge: Dodged            ||    92

Table legend: (Time is in decaauts)
 A = Elapsed time spent in this place.
 B = Non-inter-level travel time spent in this place.
 C = Inter-level travel time spent in this place.
 D = Time resting spent in this place.
 E = Time spent auto-exploring this place.
 F = Levels seen in this place.
 G = Mean time per level.
                   A        B        C        D        E       F      G
               +--------+--------+--------+--------+--------+-----+--------+
         Total |   1607 |   1585 |     22 |     12 |   1309 |   2 |  803.5 |
       Dungeon |   1607 |   1585 |     22 |     12 |   1309 |   2 |  803.5 |
               +--------+--------+--------+--------+--------+-----+--------+

Top non-repeatable levels by time:
     D:1: 1355 daAuts
     D:2: 251 daAuts
